 Dungeon Crawl Stone Soup version 0.25.1-2-g60ff931df9 (webtiles) character file.

Game seed: 6586416890883692864

175228 Delamore the Warrior (level 18, -15/204 HPs)
             Began as a Gargoyle Fighter on Sept 13, 2020.
             Was the Champion of Okawaru.
             Killed from afar by a Brimstone Fiend (52 damage)
             ... with damnation
             ... created by a Zot trap
             ... on level 2 of the Spider Nest.
             The game lasted 00:57:31 (30625 turns).

Delamore the Warrior (Gargoyle Fighter)            Turns: 30625, Time: 00:57:32

Health: -15/204    AC: 36    Str: 30    XL:     18   Next: 9%
Magic:  21/21      EV:  8    Int: 12    God:    Okawaru [******]
Gold:   3181       SH: 17    Dex: 11    Spells: 17/17 levels left

rFire    + + +     SeeInvis .   W - +7 morningstar of the Shimmering Gnat {flame, rF++ Str+4 Int+3}
rCold    + . .     Gourm    .   A - +2 kite shield
rNeg     + . .     Faith    .   L - +1 plate armour "Jouliowk" {MR+ Regen+ Dex+2}
rPois    ∞         Spirit   .   k - +0 helmet
rElec    +         Reflect  .   K - +0 cloak {Stlth+}
rCorr    +         Harm     .   t - +1 pair of gloves {archery}
MR       +++..                  u - +1 pair of boots
Stlth    ..........             X - amulet of magic regeneration
HPRegen  0.84/turn              w - ring of protection from magic
MPRegen  0.42/turn              b - ring of resist corrosion

@: berserking, resistant, studying Maces & Flails, very quick
A: big wings, dopey 1, mutation resistance 1, negative energy resistance 1,
robust 1, electricity resistance, unbreathing, petrification resistance, rot
immunity, AC +13
a: Fly, Heroism, Finesse, Renounce Religion


You were on level 2 of the Spider Nest.
You worshipped Okawaru.
Okawaru was exalted by your worship.
You were not hungry.

You visited 5 branches of the dungeon, and saw 26 of its levels.
You visited the Abyss 1 time.
You visited 1 bazaar.
You also visited: Sewer, Ossuary and Volcano.

You collected 4171 gold pieces.
You spent 990 gold pieces at shops.

Inventory:

Hand Weapons
 c - a +3 demon whip of draining
 W - the +7 morningstar of the Shimmering Gnat (weapon) {flame, rF++ Str+4 Int+3}
   (Okawaru gifted it to you on level 3 of the Lair of Beasts)

   It has been specially enchanted to burn those struck by it, causing extra
   injury to most foes and up to half again as much damage against particularly
   susceptible opponents.
   It affects your strength (+4).
   It affects your intelligence (+3).
   It greatly protects you from fire.
Missiles
 m - 2 atropa-tipped darts
 z - a throwing net
 I - 3 curare-tipped darts
 Y - 14 javelins (quivered)
Armour
 k - a +0 helmet (worn)
 t - a +1 pair of gloves of archery (worn)
 u - a +1 pair of boots (worn)
 A - a +2 kite shield (worn)
 K - a +0 cloak of stealth (worn)
 L - the +1 plate armour "Jouliowk" (worn) {MR+ Regen+ Dex+2}
   (Okawaru gifted it to you in a volcano)

   It affects your dexterity (+2).
   It affects your resistance to hostile enchantments.
   It increases your rate of regeneration.
Jewellery
 b - a ring of resist corrosion (right hand)
 w - a ring of protection from magic (left hand)
 X - an amulet of magic regeneration (around neck)
Wands
 o - a wand of clouds (12)
 p - a wand of disintegration (16)
 s - a wand of polymorph (11)
 C - a wand of flame (42)
 H - a wand of paralysis (25)
 J - a wand of iceblast (28)
 Z - a wand of acid (16)
Scrolls
 h - 2 scrolls of fear
 i - 13 scrolls of remove curse
 l - 5 scrolls of teleportation
 n - a scroll of blinking
 y - 6 scrolls of enchant weapon
 B - 5 scrolls of enchant armour
 F - 2 scrolls of brand weapon
 M - 3 scrolls of fog
 N - a scroll of amnesia
 S - 7 scrolls of identify
 T - 5 scrolls of immolation
 U - 4 scrolls of magic mapping
Potions
 d - 5 potions of might
 e - 5 potions of mutation
 q - 13 potions of curing
 r - a potion of resistance
 v - 2 potions of stabbing
 x - 6 potions of haste
 D - a potion of ambrosia
 E - a potion of berserk rage
 G - 2 potions of magic
 O - a potion of heal wounds
 Q - 6 potions of brilliance
Books
 j - a manual of Maces & Flails
Comestibles
 a - a chunk of flesh
 f - 33 rations


   Skills:
 + Level 17.5 Fighting
 - Level 16.0 Maces & Flails
 + Level 13.0 Throwing
 - Level 10.0 Armour
 - Level 15.0 Shields
 - Level 5.1 Invocations
 - Level 4.2 Evocations


You had 17 spell levels left.
You didn't know any spells.
Your spell library contained the following spells:

 Spells                   Type           Power        Failure   Level  Hunger
 Animate Skeleton         Necr           N/A          93%         1    ##.....
 Apportation              Tloc           #.....       93%         1    ##.....
 Corona                   Hex            #......      93%         1    ##.....
 Freeze                   Ice            #...         93%         1    ##.....
 Infusion                 Chrm           #...         93%         1    ##.....
 Summon Small Mammal      Summ           #...         93%         1    ##.....
 Ensorcelled Hibernation  Hex/Ice        #.....       98%         2    ###....
 Passwall                 Tmut/Erth      #.......     98%         2    ###....
 Shroud of Golubria       Chrm/Tloc      #.....       98%         2    ###....
 Song of Slaying          Chrm           #.......     98%         2    ###....
 Swiftness                Chrm/Air       #.......     98%         2    ###....
 Confusing Touch          Hex            #.......     100%        3    ####...
 Dazzling Flash           Conj/Hex       #.....       100%        3    ####...
 Frozen Ramparts          Ice            #.....       100%        3    ####...
 Ozocubu's Armour         Chrm/Ice       #.......     100%        3    ####...
 Spectral Weapon          Hex/Chrm       #.......     100%        3    ####...
 Tukima's Dance           Hex            #.......     100%        3    ####...
 Hailstorm                Conj/Ice       #.......     100%        4    #####..
 Passage of Golubria      Tloc           N/A          100%        4    #####..
 Summon Ice Beast         Ice/Summ       #.......     100%        4    #####..
 Lee's Rapid Deconstruct  Erth           #.........   100%        5    ######.
 Darkness                 Hex            #.........   100%        6    #######
 Invisibility             Hex            #.......     100%        6    #######
 Haunt                    Necr/Summ      #.........   100%        7    #######
 Borgnjor's Revivificati  Necr           #.........   100%        8    #######
 Death's Door             Chrm/Necr      #.........   100%        8    #######
 Infestation              Necr           #.........   100%        8    #######
 Necromutation            Tmut/Necr      #.........   100%        8    #######


Dungeon Overview and Level Annotations

Branches:
Dungeon (15/15)            Temple (1/1) D:4            Lair (6/6) D:10
 Shoals (0/4) Lair:3       Spider (2/4) Lair:2        Slime (0/5) Lair:6
    Orc (2/2) D:9             Elf (0/3) Orc:2        Vaults (0/5) D:14
 Depths (0/5) D:15          Sewer (visited)         Ossuary (visited)
Volcano (visited)

Altars:
Ashenzari
Cheibriados
Dithmenos
Elyvilon
Fedhas
Gozag
Hepliaklqana
Kikubaaqudgha
Makhleb
Nemelex Xobeh
Okawaru
Qazlal
Ru
Sif Muna
Trog
Uskayaw
Vehumet
Wu Jian
Xom
Yredelemnul
Zin
The Shining One
Beogh
Jiyva

Shops:
D:4 :   D:10 *   D:12 *   D:13 *   Orc:2 [!([

Annotations:
Lair:5 exclusion: 3 oklob plants
Spider:2 1 transporter


Innate Abilities, Weirdness & Mutations

You are resistant to torment.
Your stone body is resilient. (AC +13)
You are immune to poison.
Your large and strong wings let you fly indefinitely.
You resist negative energy. (rN+)
You are resistant to electric shocks. (rElec)
You can survive without breathing.
You are immune to petrification.
You are immune to rotting.
You are dopey. (Int -2)
You are somewhat resistant to further mutation.
You are robust. (+10% HP)


Message History

You feel much better. You block the Brimstone Fiend's attack.
The Brimstone Fiend hits you but does no damage. x2
You feel much better. The Brimstone Fiend hits you!
You block the Brimstone Fiend's attack. x2
You feel protected.
The Brimstone Fiend hits you but does no damage. x3
A red film seems to cover your vision as you go berserk!
You feel yourself moving faster!
You feel mighty! The Brimstone Fiend gestures at you.
The sphere of damnation explodes!
The damnation engulfs you!!!
* * * LOW HITPOINT WARNING * * *
The damnation engulfs the Brimstone Fiend.
The Brimstone Fiend completely resists.
You impale the Brimstone Fiend!!
The Brimstone Fiend is heavily wounded.
Your plate armour "Jouliowk" prevents you from hitting the Brimstone Fiend.
The Brimstone Fiend is heavily wounded.
The Brimstone Fiend gestures at you.
The sphere of damnation explodes!
The damnation engulfs you!!!
You die...

..^##†..# #^#...† ....#...# .(
#####.^ ...^#...# . †. # ^
#..(#.. ........# # .#† ^#.#
#...... ........# ##. .^..^..##
#...... ........# #.^# #.#^##^.#
#^..... †......># #..^ .^!^...#
#...... .^^.....# #^.##†##.^#
#....<. ##......## #^1@^...#
##...... .........## #.^...^^#
##....^.. ..........## #..^©^..#
##.^...... ###..#.....# #########
#..^^..... ..#######..# #####
#.........
...........#############.........
....^.[..........©...............
........^...........)............
...................^............†


You could see a Brimstone Fiend.

Vanquished Creatures
  Jorgrun (Spider:1)
  Frances (D:13)
  A fire giant (D:15)
  Aizul (Lair:2)
  Louise (D:14)
  An orc warlord (Orc:1)
  An emperor scorpion (Spider:2)
  5 entropy weavers
  Nessos (D:13)
  Azrael (Spider:1)
  A red draconian (Volcano)
  Snorg (Orc:2)
  Josephine (D:13)
  Harold (D:8)
  3 ghost crabs (Lair:5)
  12 hydras
  2 catoblepae
  3 centaur warriors (D:14)
  10 death yaks
  A death knight (D:15)
  An ogre mage (Volcano)
  8 two-headed ogres
  An orc high priest (Orc:1)
  Urug (Orc:1)
  2 deep elf knights (D:14)
  6 fire crabs (Lair:5)
  Nergalle (Lair:4)
  A hell knight (D:14)
  A skeletal warrior (D:15)
  A deep elf archer (D:14)
  3 unseen horrors
  A wizard (D:14)
  2 orc knights
  12 orb spiders
  4 orc sorcerers
  3 deep elf magi
  A lindwurm (Lair:6)
  5 ugly things
  A moth of wrath (Spider:2)
  3 cyclopes (D:12)
  3 manticores
  A salamander (shapeshifter) (D:13)
  21 wolf spiders
  17 elephants
  14 black mambas
  Psyche (D:12)
  A molten gargoyle (Volcano)
  A guardian serpent (Lair:6)
  19 spiny frogs
  5 gargoyles
  A kobold demonologist (D:11)
  8 komodo dragons
  2 rime drakes
  10 demonic crawlers
  3 meliai (D:13)
  A merfolk (D:12)
  3 trolls
  17 jumping spiders
  6 hornets
  2 slime creatures (D:12)
  13 blink frogs
  9 hippogriffs
  5 dream sheep (Lair:4)
  28 redbacks
  17 tarantellas
  A vampire (D:14)
  2 shadows
  A centaur simulacrum (D:14)
  A tarantella (shapeshifter) (D:14)
  15 wyverns
  61 yaks
  7 fire bats (Volcano)
  6 wraiths
  2 fire elementals (Spider:1)
  3 basilisks
  2 hungry ghosts
  3 steam dragons
  4 vampire mosquitoes (D:14)
  A warg (D:14)
  A soldier ant (D:14)
  24 water moccasins
  An acid dragon (D:11)
  Duvessa (D:5)
  8 porcupines
  6 hell hounds (Spider:1)
  A hornet zombie (D:15)
  4 sky beasts
  16 ice beasts
  39 orc warriors
  3 black bears
  A black bear (shapeshifter) (D:8)
  8 ogres
  A necrophage (D:12)
  3 centaurs
  A phantom (D:11)
  4 wolves (Lair:4)
  15 crocodiles
  Blork the orc (D:5)
  2 big kobolds
  12 bullfrogs
  A small abomination (Abyss:1)
  A wyvern skeleton (D:12)
  Dowan (D:5)
  2 scorpions
  20 killer bees
  A spriggan skeleton (Abyss:1)
  6 wights
  9 electric eels
  10 crimson imps
  2 bullfrog zombies
  3 howler monkeys
  2 jellies
  8 lava snakes (Volcano)
  24 orc priests
  3 centaur skeletons
  5 centaur zombies
  6 hounds
  Crazy Yiuf (D:4)
  42 orc wizards
  An iron imp (Abyss:1)
  A human skeleton (Abyss:1)
  3 iguanas
  11 worker ants
  A big kobold zombie (Ossuary)
  A hound zombie (D:10)
  A hound skeleton (D:5)
  7 mummies
  6 gnolls
  2 worker ant zombies
  14 adders
  2 river rats (Sewer)
  3 shadow imps
  2 oozes
  2 worms
  3 dart slugs
  7 leopard geckos
  93 orcs
  4 giant cockroaches
  3 goblins
  6 hobgoblins
  19 jackals
  11 kobolds
  A quokka (D:4)
  3 ball pythons
  2 bats
  A frilled lizard (D:4)
  4 hobgoblin zombies (Ossuary)
  A quokka zombie (D:9)
  9 rats
947 creatures vanquished.

Vanquished Creatures (others)
  Erica (D:14)
  A hell hog (Lair:5)
  2 redbacks (Spider:1)
  A bullfrog (D:11)
  An orc wizard (D:4)
  16 fungi
  29 plants
  2 withered plants (D:12)
53 creatures vanquished.

Grand Total: 1000 creatures vanquished

Notes
Turn   | Place    | Note
-------+----------+-------------------------------------------
     0 | D:1      | Delamore the Gargoyle Fighter began the quest for the Orb.
     0 | D:1      | Reached XP level 1. HP: 14/14 MP: 1/1
   163 | D:1      | Reached XP level 2. HP: 13/19 MP: 2/2
   906 | D:2      | Reached XP level 3. HP: 19/24 MP: 3/3
   971 | D:2      | Found an ornate altar of the Wu Jian Council.
  1209 | D:2      | Reached skill level 4 in Fighting
  1211 | D:2      | Reached XP level 4. HP: 24/29 MP: 4/4
  1655 | D:3      | Found a shattered altar of Ashenzari.
  1837 | D:3      | Reached XP level 5. HP: 32/33 MP: 5/5
  2225 | D:4      | Found a staircase to the Ecumenical Temple.
  2230 | Temple   | Entered the Ecumenical Temple
  2235 | Temple   | Became a worshipper of Warmaster Okawaru
  2317 | D:4      | Reached skill level 1 in Throwing
  2323 | D:4      | Found a glowing drain.
  2364 | Sewer    | Entered a sewer
  2473 | Sewer    | Noticed a big kobold
  2511 | Sewer    | Killed a big kobold
  2511 | Sewer    | Reached XP level 6. HP: 24/40 MP: 6/6
  2660 | Sewer    | Found a white marble altar of Elyvilon.
  2803 | D:4      | Reached skill level 5 in Shields
  2812 | D:4      | Reached skill level 5 in Fighting
  2892 | D:4      | Found Umnum's Book Shop.
  3147 | D:4      | Found a runed translucent door.
  3148 | D:4      | Noticed Crazy Yiuf
  3339 | D:4      | Killed Crazy Yiuf
  3420 | D:5      | Entered Level 5 of the Dungeon
  3434 | D:5      | Noticed Duvessa
  3434 | D:5      | Noticed Dowan
  3442 | D:5      | Noticed a sky beast
  3459 | D:5      | Killed Duvessa
  3459 | D:5      | Reached * piety under Okawaru
  3459 | D:5      | Reached XP level 7. HP: 18/44 MP: 7/7
  3466 | D:5      | Killed Dowan
  3467 | D:5      | Found a sand-covered staircase.
  3484 | D:5      | Reached skill level 5 in Maces & Flails
  3669 | Ossuary  | Entered an ossuary
  3951 | Ossuary  | HP: 2/44 [mummy (10)]
  4216 | D:5      | Reached ** piety under Okawaru
  4221 | D:5      | Gained mutation: You are dopey. (Int -2) [potion of
                  | mutation]
  4221 | D:5      | Gained mutation: You are robust. (+10% HP) [potion of
                  | mutation]
  4221 | D:5      | Gained mutation: You are somewhat resistant to further
                  | mutation. [potion of mutation]
  4235 | D:5      | Reached XP level 8. HP: 22/53 MP: 8/8
  4800 | D:5      | Noticed Blork the orc
  4813 | D:5      | Killed Blork the orc
  4813 | D:5      | Reached skill level 5 in Throwing
  5514 | D:6      | Found a white marble altar of Elyvilon.
  5753 | D:6      | Found a shimmering altar of Xom.
  5783 | D:6      | Found a basalt altar of Yredelemnul.
  6066 | D:6      | Reached XP level 9. HP: 56/59 MP: 9/9
  6185 | D:7      | Reached *** piety under Okawaru
  6847 | D:7      | Reached skill level 10 in Maces & Flails
  7704 | D:8      | Found a blossoming altar of Fedhas.
  7711 | D:8      | Found a stormy altar of Qazlal.
  7851 | D:8      | Reached **** piety under Okawaru
  8124 | D:8      | Found a shimmering blue altar of Sif Muna.
  8380 | D:8      | Noticed Harold
  8415 | D:8      | Killed Harold
  8415 | D:8      | Reached XP level 10. HP: 12/64 MP: 10/10
  9474 | D:9      | Found a staircase to the Orcish Mines.
  9546 | D:9      | Got a brightly glowing leather armour
  9557 | D:9      | Identified the cursed +0 leather armour of Greed {Str+2}
                  | (You found it on level 9 of the Dungeon)
  9965 | D:9      | Found a sparkling altar of Nemelex Xobeh.
 10080 | D:9      | Reached ***** piety under Okawaru
 10259 | D:10     | Entered Level 10 of the Dungeon
 10259 | D:10     | Found Syut's Assorted Antiques.
 10547 | D:10     | Reached XP level 11. HP: 60/69 MP: 11/11
 10903 | D:10     | You fall into a shaft and drop 3 floors!
 10940 | D:13     | Reached skill level 6 in Fighting
 10978 | D:13     | Noticed a manticore
 10992 | D:13     | Killed a manticore
 10992 | D:13     | Received a gift from Okawaru
 11753 | D:13     | Reached skill level 7 in Fighting
 11807 | D:13     | Found Sekimaigg's General Store.
 11813 | D:13     | Bought a scroll of identify for 28 gold pieces
 11813 | D:13     | Bought a scroll of identify for 28 gold pieces
 11815 | D:13     | Bought a potion of haste for 140 gold pieces
 11817 | D:13     | Noticed Nessos
 11834 | D:13     | Killed Nessos
 11834 | D:13     | Received a gift from Okawaru
 11901 | D:13     | Noticed Frances
 11928 | D:13     | Noticed a sixfirhy
 11935 | D:13     | Killed Frances
 11935 | D:13     | Received a gift from Okawaru
 11935 | D:13     | Reached ****** piety under Okawaru
 11935 | D:13     | Reached skill level 8 in Fighting
 12120 | D:13     | Noticed Josephine
 12127 | D:13     | Killed Josephine
 12127 | D:13     | Received a gift from Okawaru
 12158 | D:13     | Reached skill level 9 in Fighting
 12160 | D:13     | Got a shimmering ring mail {god gift}
 12171 | D:13     | Identified the +0 ring mail of Okawaru's Reproof {+Fly
                  | rElec Str-2 SInv} (Okawaru gifted it to you on level 13 of
                  | the Dungeon)
 12417 | D:13     | Noticed a deep elf mage
 12431 | D:13     | Killed a deep elf mage
 12431 | D:13     | Reached XP level 12. HP: 80/83 MP: 12/12
 12442 | D:13     | Identified the +4 morningstar "Daxyuk" {freeze, *Contam
                  | +Inv rC- rN+++}
 12959 | D:12     | Noticed Psyche
 12964 | D:12     | Cast into level 1 of the Abyss (Psyche)
 13084 | Abyss:1  | Noticed a starcursed mass
 13101 | Abyss:1  | Noticed a starcursed mass
 13102 | Abyss:1  | Noticed a starcursed mass
 13116 | Abyss:1  | Noticed a starcursed mass
 13119 | Abyss:1  | Noticed a wretched star
 13138 | Abyss:1  | Noticed a tentacled monstrosity
 13141 | Abyss:1  | Noticed a wretched star
 13148 | Abyss:1  | Noticed a wretched star
 13435 | Abyss:1  | Noticed an Executioner
 13478 | Abyss:1  | Noticed a purple very ugly thing
 13480 | Abyss:1  | Noticed a purple very ugly thing
 13497 | Abyss:1  | Noticed an ironheart preserver
 13500 | Abyss:1  | Noticed an ironheart preserver
 13510 | Abyss:1  | Noticed an ironheart preserver
 13510 | Abyss:1  | Noticed an ironheart preserver
 13510 | Abyss:1  | Noticed an ironheart preserver
 13510 | Abyss:1  | Noticed a thrashing horror
 13538 | Abyss:1  | HP: 2/84 [burnt (6)]
 13586 | D:12     | Escaped the Abyss
 13590 | D:12     | Killed Psyche
 13634 | D:12     | Reached skill level 10 in Fighting
 13634 | D:12     | Reached skill level 10 in Shields
 14196 | D:11     | Found a flickering gateway to a bazaar.
 14205 | Bazaar   | Entered a bazaar
 14205 | Bazaar   | Found Paudal's Armour Shoppe.
 14205 | Bazaar   | Found Atidafyo's Food Shoppe.
 14249 | Bazaar   | Found Pafyuradgh's Magic Scroll Emporium.
 14249 | Bazaar   | Found Qabod's Distillery.
 14265 | Bazaar   | Bought a scroll of identify for 18 gold pieces
 14265 | Bazaar   | Bought a scroll of identify for 18 gold pieces
 14265 | Bazaar   | Bought a scroll of teleportation for 27 gold pieces
 14268 | Bazaar   | Identified a scroll of acquirement
 14270 | Bazaar   | Acquired a manual of Maces & Flails
 14273 | Bazaar   | Bought a potion of curing for 57 gold pieces
 14273 | Bazaar   | Bought a potion of heal wounds for 95 gold pieces
 14273 | Bazaar   | Bought a potion of curing for 57 gold pieces
 14273 | Bazaar   | Bought a potion of haste for 190 gold pieces
 14273 | Bazaar   | Bought a potion of curing for 57 gold pieces
 14650 | D:10     | Found a staircase to the Lair.
 14650 | D:10     | Identified the +6 scale mail of Tehael {*Slow MR+++ Str-3
                  | Dex+8}
 14813 | Lair:1   | Entered Level 1 of the Lair of Beasts
 14895 | Lair:1   | Found a dark tunnel.
 14973 | Volcano  | Entered a volcano
 15023 | Volcano  | Reached skill level 11 in Fighting
 15361 | Volcano  | Noticed a two-headed ogre
 15361 | Volcano  | Noticed a two-headed ogre
 15364 | Volcano  | Killed a two-headed ogre
 15364 | Volcano  | Received a gift from Okawaru
 15394 | Volcano  | Noticed a two-headed ogre
 15399 | Volcano  | Killed a two-headed ogre
 15423 | Volcano  | Found a radiant altar of Vehumet.
 15423 | Volcano  | Noticed a two-headed ogre
 15423 | Volcano  | Noticed an ogre mage
 15423 | Volcano  | Noticed a two-headed ogre
 15423 | Volcano  | Noticed a red draconian
 15426 | Volcano  | Killed a two-headed ogre
 15428 | Volcano  | Killed a two-headed ogre
 15428 | Volcano  | Reached XP level 13. HP: 87/92 MP: 13/13
 15428 | Volcano  | Reached skill level 15 in Maces & Flails
 15441 | Volcano  | Killed a red draconian
 15690 | Volcano  | Received a gift from Okawaru
 15691 | Volcano  | Got a smelly plate armour {god gift}
 15702 | Volcano  | Identified the +1 plate armour "Jouliowk" {MR+ Regen+
                  | Dex+2} (Okawaru gifted it to you in a volcano)
 15813 | Lair:1   | Reached skill level 12 in Fighting
 16761 | Lair:2   | Found a hole to the Spider Nest.
 16790 | Lair:2   | Reached skill level 5 in Invocations
 16790 | Lair:2   | Gained mutation: Your large and strong wings let you fly
                  | indefinitely. [Gargoyle growth]
 16790 | Lair:2   | Reached XP level 14. HP: 90/101 MP: 13/17
 17559 | Lair:3   | Reached skill level 13 in Fighting
 17567 | Lair:3   | Received a gift from Okawaru
 17642 | Lair:3   | Got a warped morningstar {god gift}
 17883 | Lair:3   | Found a staircase to the Shoals.
 18384 | Lair:4   | Reached XP level 15. HP: 108/108 MP: 18/18
 18453 | Lair:4   | Received a gift from Okawaru
 18659 | Lair:4   | Reached skill level 14 in Fighting
 18709 | Lair:4   | Noticed Nergalle
 18721 | Lair:4   | Killed Nergalle
 20059 | Lair:5   | Found a runed translucent door.
 20287 | Lair:5   | Reached skill level 15 in Fighting
 20287 | Lair:5   | Reached skill level 15 in Shields
 20543 | Lair:5   | Received a gift from Okawaru
 20610 | Lair:5   | Reached skill level 5 in Armour
 20632 | Lair:5   | Paralysed by you for 5 turns
 20968 | Lair:6   | Entered Level 6 of the Lair of Beasts
 21192 | Lair:6   | Reached XP level 16. HP: 70/118 MP: 19/19
 21333 | Lair:6   | Received a gift from Okawaru
 21674 | Lair:6   | Found a staircase to the Slime Pits.
 21674 | Lair:6   | Found a viscous altar of Jiyva.
 21906 | Lair:6   | Received a gift from Okawaru
 22160 | Lair:6   | Acquired 1680 gold pieces
 23878 | D:12     | Found Giures's Pet Rocks.
 23965 | D:12     | Received a gift from Okawaru
 24426 | D:14     | Reached skill level 10 in Armour
 24520 | D:14     | Received a gift from Okawaru
 24653 | D:14     | Reached skill level 10 in Throwing
 25108 | D:14     | Noticed Louise
 25148 | D:14     | Killed Louise
 25214 | D:14     | Noticed Erica
 25230 | D:14     | Killed Erica
 25468 | D:14     | Found a gate to the Vaults.
 25555 | D:15     | Entered Level 15 of the Dungeon
 25682 | Orc:1    | Entered Level 1 of the Orcish Mines
 25897 | Orc:1    | Reached XP level 17. HP: 124/124 MP: 20/20
 25957 | Orc:1    | Noticed Urug
 25984 | Orc:1    | Killed Urug
 26292 | Orc:1    | Identified the +7 morningstar of the Shimmering Gnat
                  | {flame, rF++ Str+4 Int+3} (Okawaru gifted it to you on
                  | level 3 of the Lair of Beasts)
 26316 | Orc:2    | Entered Level 2 of the Orcish Mines
 26381 | Orc:2    | Noticed Snorg
 26392 | Orc:2    | Killed Snorg
 26931 | Orc:2    | Found a roughly hewn altar of Beogh.
 26932 | Orc:2    | Found Faasi's Distillery.
 26964 | Orc:2    | Found a roughly hewn altar of Beogh.
 26964 | Orc:2    | Found Onoheryn's Antique Armour Emporium.
 26973 | Orc:2    | Found Tamacuc's Antique Weapon Shoppe.
 27082 | Orc:2    | Found a staircase to the Elven Halls.
 27117 | Orc:2    | Found a roughly hewn altar of Beogh.
 27118 | Orc:2    | Found Ikismoma's Antique Armour Shop.
 27147 | Orc:2    | Found a roughly hewn altar of Beogh.
 27181 | Orc:2    | Found a roughly hewn altar of Beogh.
 27367 | Orc:2    | Bought a potion of might for 44 gold pieces
 27367 | Orc:2    | Bought a potion of curing for 33 gold pieces
 27367 | Orc:2    | Bought a potion of haste for 110 gold pieces
 27367 | Orc:2    | Bought a potion of curing for 33 gold pieces
 27367 | Orc:2    | Bought a potion of heal wounds for 55 gold pieces
 27496 | D:15     | Found a staircase to the Depths.
 27525 | D:15     | Reached skill level 16 in Fighting
 27645 | D:15     | Received a gift from Okawaru
 27852 | D:15     | Found a bloodstained altar of Trog.
 28353 | Spider:1 | Entered Level 1 of the Spider Nest
 28362 | Spider:1 | Received a gift from Okawaru
 28374 | Spider:1 | Noticed Aizul
 28650 | Lair:2   | Killed Aizul
 29103 | Spider:1 | Noticed Jorgrun
 29257 | Spider:1 | Killed Jorgrun
 29257 | Spider:1 | Received a gift from Okawaru
 29393 | Spider:1 | You fall into a shaft and drop 1 floor!
 29441 | Spider:1 | Reached skill level 17 in Fighting
 29530 | Spider:1 | Noticed Azrael
 29550 | Spider:1 | Killed Azrael
 30040 | Spider:2 | Found a transporter.
 30073 | Spider:2 | Found a transporter.
 30126 | Spider:2 | Received a gift from Okawaru
 30282 | Spider:2 | Reached XP level 18. HP: 112/136 MP: 21/21
 30353 | Spider:2 | Received a gift from Okawaru
 30593 | Spider:2 | Noticed a Brimstone Fiend
 30612 | Spider:2 | Received a gift from Okawaru
 30625 | Spider:2 | Killed from afar by a Brimstone Fiend

Illustrated notes

Levels and vault maps discovered:
D:1:      eino_arrival_water_cross, layout_loops_ring
D:2:      layout_basic, lemuel_crystal_altar, minmay_pentomino_z2
D:3:      layout_rooms, ashenzari_conservatory_becter
D:4:      layout_loops_ring, minmay_temple_entry_mist, portal_sewer_entry_f,
          serial_shops, nicolae_shop_window_shopping, uniq_crazy_yiuf_cottage
D:5:      layout_layer_cave, nicolae_ossuary_entry_monument, first_ration,
          hangedman_minor_gate_pass, uniq_duvessa, uniq_blork_the_orc
D:6:      layout_loops_ring, old_standard_altar, elyvilon_altar_1, basic_altar
D:7:      layout_loops_corners
D:8:      cheibrodos_two_vegetables, layout_basic,
          grunt_temple_overflow_forces_of_nature, marbit_many_paths, uniq_harold
D:9:      layout_rooms, orc_0_dummy, basic_altar
D:10:     layout_roguey, minmay_lair_entry_grove, serial_shops, shop_statue
D:11:     layout_loops_corners, serial_shops, bzr_firewalk
D:12:     layout_roguey, serial_undead, serial_undead_d, serial_undead_e,
          serial_undead_f, serial_undead_a, serial_undead_e,
          portal_ice_cave_entry_ice_beasts, hangedman_fish_farm,
          guppyfry_shop_earth, uniq_psyche
D:13:     layout_loops_corners, serial_shops, shop, uniq_frances,
          uniq_josephine, uniq_nessos
D:14:     layout_stronghold, david_vaults_1, chequers_arboretum,
          minmay_misc_feat_columns, minmay_holes, sword_in_stone
D:15:     grunt_enter_depths_giant_problem, layout_basic,
          hangedman_abyss_or_decor_passed, serial_curves, eino_curves_04,
          eino_curves_04, lemuel_altar_in_water
Temple:   minmay_freezing_vapour_temple
Lair:1:   layout_gridlike, nicolae_volcano_entry_lava_flow, serial_bayou_lake_a
Lair:2:   layout_regular_city, nicolae_spider_entry_tight_spaces,
          lemuel_fruit_fields, infiniplex_staircase_pool
Lair:3:   layout_roguey, shoals_dummy_entry
Lair:4:   beast_lair_carwin_large_4, layout_loops_ring, grunt_megastairs_1,
          serial_bayou_shore_b, uniq_nergalle
Lair:5:   gammafunk_mikee_crab_dinner, layout_loops_ring,
          minmay_lair_oklob_chamber, grunt_megastairs_2
Lair:6:   hangedman_lair_tendril_chambers, layout_regular_city, slime_altar_1,
          serial_bayou_pond_b
Spider:1: layout_spider_delve, uniq_azrael, uniq_jorgrun, uniq_aizul
Spider:2: gammafunk_its_a_trap, drop_trap
Orc:1:    layout_caves, nicolae_orc_crystal_geode, uniq_urug
Orc:2:    grunt_orc_community_town_hall, layout_caves,
          grunt_orc_community_big_house_1, grunt_orc_community_big_house_1,
          grunt_orc_community_house_3, grunt_orc_community_house_2,
          grunt_orc_community_house_2, grunt_orc_community_house_1, uniq_snorg

Skill      XL: |  1  2  3  4  5  6  7  8  9 10 11 12 13 14 15 16 17 18 |
---------------+-------------------------------------------------------+-----
Fighting       | 4 5 9 11 12 13 15 17 | 17.5
Shields        | 4 5 9 11 12 13 15 | 15.0
Maces & Flails | 3 4 5 8 12 14 15 16 | 16.0
Throwing       | 1 2 4 5 6 10 12 13 | 13.0
Invocations    | 5 |  5.1
Evocations     | 4 |  4.2
Armour         | 6 10 | 10.0

Action                   |  1- 3 |  4- 6 |  7- 9 | 10-12 | 13-15 | 16-18 || total
-------------------------+-------+-------+-------+-------+-------+-------++-------
Melee: Flail             |    82 |   266 |   560 |       |       |       ||   908
       Mace              |       |       |       |   643 |       |       ||   643
       Whip              |       |       |       |    46 |       |       ||    46
       Morningstar       |       |       |       |   104 |   757 |  1510 ||  2371
       Unarmed           |       |       |       |       |     8 |       ||     8
Throw: Dart              |     5 |    35 |    59 |    72 |       |     7 ||   178
       Boomerang         |       |       |       |    21 |       |       ||    21
       Javelin           |       |       |       |    17 |     6 |    31 ||    54
       Throwing net      |       |       |       |       |       |     4 ||     4
 Abil: Fly               |       |       |       |       |     1 |       ||     1
       Stop Flying       |       |       |       |       |       |     1 ||     1
Evoke: Wand              |       |       |     7 |    19 |     1 |     1 ||    28
  Use: Scroll            |       |     8 |     4 |    23 |     3 |     3 ||    41
       Potion            |       |     2 |     5 |    13 |     2 |     6 ||    28
 Stab: Paralysed         |       |       |       |     9 |       |       ||     9
       Confused          |       |       |       |       |       |     8 ||     8
       Petrified         |       |       |       |       |       |     5 ||     5
       Held in net/web   |       |       |       |       |       |     4 ||     4
  Eat: Chunk             |     1 |     8 |    13 |    18 |    20 |    22 ||    82
       Ration            |       |       |     1 |     2 |       |     3 ||     6
Armor: Scale mail        |    53 |   211 |   312 |   232 |     8 |       ||   816
       Chain mail        |       |       |       |   147 |       |       ||   147
       Plate armour      |       |       |       |       |   422 |  1069 ||  1491
Dodge: Dodged            |    24 |    95 |   133 |   177 |   164 |   368 ||   961
Block: Kite shield       |    39 |   177 |   279 |   388 |   410 |  1421 ||  2714
